 Dungeon Crawl Stone Soup version 0.27.1-33-g824d729ab1 (webtiles) character file.

Game seed: 8043868425513558047

12 Descartes the Ducker (level 2, -1/14 HPs)
             Began as a Felid Chaos Knight on Nov 27, 2021.
             Was a Plaything of Xom.
             Slain by a ball python (3 damage)
             ... on level 1 of the Dungeon.
             The game lasted 00:00:56 (753 turns).

Descartes the Ducker (Felid Chaos Knight)            Turns: 753, Time: 00:00:57

Health: -1/14      AC:  1    Str:  8    XL:     2   Next: 20%
Magic:  3/3        EV: 17    Int: 13    God:    Xom [..*...]
Gold:   28         SH:  0    Dex: 15    Spells: 1/1 levels left
                                        Lives:  0   Deaths: 0

rFire    . . .     SeeInvis +     - Unarmed
rCold    . . .     Faith    .   (shield unavailable)
rNeg     . . .     Spirit   .   (armour unavailable)
rPois    .         Reflect  .   (helmet unavailable)
rElec    .         Harm     .   (cloak unavailable)
rCorr    .         Rampage  .   (gloves unavailable)
Will     .....                  (boots unavailable)
Stlth    ++........             (no amulet)
HPRegen  0.04/turn              (no ring)
MPRegen  0.08/turn              (no ring)

@: quick
A: very small, claws 1, fangs 3, see invisible, speed 1, shaggy fur 1, stealthy
paws, no weapons or thrown items, no armour, multi-lived
a: Renounce Religion


You were on level 1 of the Dungeon.
You worshipped Xom.
You were a toy of Xom.
You visited 1 branch of the dungeon, and saw 1 of its levels.

You collected 28 gold pieces.

Inventory:

Potions
 a - a potion of heal wounds {unknown}
 b - a potion of attraction {unknown}


   Skills:
 - Level 3.0 Fighting
 - Level 3.2 Dodging
 + Level 2.9 Stealth
 - Level 3.0 Unarmed Combat


You had one spell level left.
You didn't know any spells.
Your spell library was empty.

Dungeon Overview and Level Annotations

Branches:
Dungeon (1/15)

Altars:


Innate Abilities, Weirdness & Mutations

You have sharp claws.
You have razor-sharp teeth.
You have supernaturally acute eyesight. (SInv)
You cover ground quickly. (Speed+)
You are covered in fur. (AC +1)
Your paws help you pounce on unaware monsters.
You are incapable of wielding weapons or throwing items.
You cannot wear armour.
You gain extra lives every three experience levels.


Message History

No target in view!
A quokka comes into view.
You see here a ball python corpse.
A quokka is nearby!
A kobold comes into view. It is wielding a +0 short sword.
The quokka closely misses you.
You scratch the quokka.
The quokka is almost dead.
The quokka bites you.
You barely miss the quokka.
The quokka is almost dead.
The quokka bites you.
You are too injured to fight recklessly!
You are too injured to fight recklessly!
You are too injured to fight recklessly!
You are too injured to fight recklessly!
You are too injured to fight recklessly!
You are too injured to fight recklessly!
There are monsters nearby!
You scratch the quokka.
You kill the quokka!
You are too injured to fight recklessly!
You are too injured to fight recklessly!
The kobold shouts!
You hear an angry hiss.
A ball python comes into view.
The kobold barely misses you.
You scratch the kobold.
The kobold is severely wounded.
The kobold hits you with a +0 short sword.
* * * LOW HITPOINT WARNING * * *
The kobold throws a stone.
The stone misses you.
You see here a ball python corpse.
You closely miss the ball python. The ball python completely misses you.
The ball python grabs you. The ball python constricts you.
* * * LOW HITPOINT WARNING * * *
You escape the ball python's grasp.
The ball python completely misses you. The ball python misses you.
The ball python bites you.
You die... "What!?
That's it?"

.....#+############.##.##.....#..
.............†..###.##.##.....+..
...........####...#.##.##.....###
...........# #...#.##..........'
.....####### #...#.#############
..... #K..#.# # ..... #...#.#
♣♣♣♣♣ # ..... #S###.#♣♣♣♣...♣♣♣♣#
..... #.@...#...........# #...#
##....#...........# #...
#....#.8..8.8..8.#
#....#..÷....÷...#
####.#...÷.......#
#.#.8..8.8..8.# #.#...........#
#.#...........# #.#...........#


You could see a ball python and a kobold.

Vanquished Creatures
  A dart slug (D:1)
  A hobgoblin (D:1)
  A kobold (D:1)
  2 quokkas (D:1)
  3 ball pythons (D:1)
  A bat (D:1)
  A rat (D:1)
10 creatures vanquished.

Notes
Turn   | Place    | Note
-------+----------+-------------------------------------------
     0 | D:1      | Descartes the Felid Chaos Knight began the quest for the
                  | Orb.
     0 | D:1      | Reached XP level 1. HP: 10/10 MP: 2/2
    42 | D:1      | XOM: silly message
   110 | D:1      | Found a faded altar of an unknown god.
   120 | D:1      | Reached skill level 1 in Stealth
   192 | D:1      | XOM is BORED!
   192 | D:1      | XOM: silly message
   385 | D:1      | Reached XP level 2. HP: 14/14 MP: 3/3
   753 | D:1      | Slain by a ball python

Illustrated notes

Levels and vault maps discovered:
D:1:      giann_forest_graveyard, layout_basic,
          hellmonk_ecumenical_altar_run_dry, fountainhead, minmay_tiny_reverse_x

Skill      XL: |  1 |
---------------+----+-----
Stealth        | 2 |  2.9
Fighting       | |  3.0
Dodging        | |  3.2
Unarmed Combat | |  3.0

Action                   || total
-------------------------++-------
Melee: Unarmed           ||    22
       Bite              ||     1
 Stab: Sleeping          ||     3
Dodge: Dodged            ||    17
